 Dungeon Crawl Stone Soup version 0.21-a0-471-gd587bd5 (webtiles) character file.

4 Laiders the Digger (level 1, -1/10 HPs)
             Began as a Gargoyle Earth Elementalist on Nov 21, 2017.
             Slain by a kobold
             ... wielding a +0 dagger of protection
              (2 damage)
             ... on level 1 of the Dungeon.
             The game lasted 00:00:40 (325 turns).

Laiders the Digger (Gargoyle Earth Elementalist)     Turns: 325, Time: 00:00:41

Health: -1/10      AC:  4    Str: 11    XL:     1   Next: 70%
Magic:  0/3        EV: 12    Int: 15    God:
Gold:   33         SH:  0    Dex: 10    Spells: 3/4 levels left

rFire    . . .     SeeInvis .   i - +0 whip
rCold    . . .     Gourm    .   (no shield)
rNeg     + . .     Faith    .   c - +0 robe
rPois    ∞         Spirit   .   (no helmet)
rElec    +         Reflect  .   (no cloak)
rCorr    .         Harm     .   (no gloves)
MR       .....                  (no boots)
Stlth    ++........             (no amulet)
HPRegen  0.03/turn              (no ring)
MPRegen  0.08/turn              (no ring)

@: no status effects
A: negative energy resistance 1, electricity resistance, unbreathing,
petrification resistance, rot immunity, AC +2
a: no special abilities


You were on level 1 of the Dungeon.
You were not hungry.

You visited 1 branch of the dungeon, and saw 1 of its levels.

You collected 33 gold pieces.

Inventory:

Hand Weapons
 i - a +0 whip (weapon)
Missiles
 b - 27 stones (quivered)
Armour
 c - a +0 robe (worn)
Scrolls
 a - a scroll of immolation {unknown}
 h - a scroll of identify {unknown}
Potions
 f - a potion of brilliance {unknown}
Books
 e - a book of Geomancy

   Spells                             Type                      Level
   a - Sandblast                      Earth                        1
   b - Passwall                       Transmutation/Earth          2
   c - Stone Arrow                    Conjuration/Earth            3
   d - Petrify                        Transmutation/Earth          4
   e - Lee's Rapid Deconstruction     Earth                        5
Comestibles
 d - a bread ration


   Skills:
 - Level 1.5 Dodging
 - Level 2.1 Stealth
 - Level 2.0 Spellcasting
   Level 0.7 Transmutations
 + Level 4.1 Earth Magic


You had 3 spell levels left.
You knew the following spells:

 Your Spells              Type           Power        Failure   Level  Hunger
a - Sandblast             Erth           ##....       4%          1    #......


Dungeon Overview and Level Annotations

Branches:
Dungeon (1/15)

Altars:


Innate Abilities, Weirdness & Mutations

You are resistant to torment.
Your stone body is resilient. (AC +2)
You are immune to poison.
You resist negative energy. (rN+)
You are resistant to electric shocks. (rElec)
You can survive without breathing.
You are immune to petrification.
You are immune to rotting.


Message History

You closely miss the kobold. The kobold hits you but does no damage.
You hit the kobold but do no damage. The kobold closely misses you.
You closely miss the kobold. The kobold closely misses you. x2
You barely miss the kobold. The kobold hits you but does no damage.
You barely miss the kobold. The kobold hits you but does no damage.
You hit the kobold but do no damage. The kobold closely misses you.
You hit the kobold but do no damage.
The kobold hits you with a dagger of protection.
* * * LOW HITPOINT WARNING * * *
You see here a stone.
Casting: Sandblast
Confirm with . or Enter, or press ? or * to list all spells.
Aiming: Sandblast
Press: ? - help, Shift-Dir - straight line, f/p - kobold
Aim: a kobold, wielding a dagger of protection The blast of sand hits the kobold.
The kobold is severely wounded.
b - 27 stones The kobold hits you with a dagger of protection.
You die...

..................#
.#####.###########
. ...#.# #.###.#.##
.........#
####.....# #.#...#
#.##.#########
#..@K.........
####.########. #.#
#.# ####### #.#
≈≈≈≈≈≈## ..#
≈.P.≈≈≈## ..#
..8..P≈≈## ###
......≈≈≈#


You could see a kobold.

Vanquished Creatures
  A goblin (D:1)
  A hobgoblin (D:1)
  A frilled lizard (D:1)
  A kobold (D:1)
  A rat (D:1)
5 creatures vanquished.

Notes
Turn   | Place    | Note
-------+----------+-------------------------------------------
     0 | D:1      | Laiders the Gargoyle Earth Elementalist began the quest for the Orb.
     0 | D:1      | Reached XP level 1. HP: 10/10 MP: 3/3
   275 | D:1      | Reached skill level 4 in Earth Magic
   325 | D:1      | Slain by a kobold

Vault maps used:
D:1:      lightli_arrival_statuegarden, roderic_serpentine_path

Skill      XL: |  1 |
---------------+----+-----
Earth Magic    | 4 |  4.1
Dodging        | |  1.5
Stealth        | |  2.1
Spellcasting   | |  2.0
Transmutations | |  0.7

Action                   || total
-------------------------++-------
Melee: Unarmed           ||    26
       Whip              ||    19
 Cast: Sandblast         ||     4
Armor: Robe              ||    16
Dodge: Dodged            ||    24

Table legend:
 A = Spawn XP
 B = Non-spawn XP
 C = Spawn XP percentage of total XP
 D = Spawn monster count
 E = Non-spawn monster count
 F = Spawn count percentage of total count
 G = Total turns spent on level
                    A         B        C        D         E        F      G
               +---------+---------+-------+---------+---------+-------+---------
         Total |       0 |       7 |   0.0 |       0 |       5 |   0.0 |   325
               +---------+---------+-------+---------+---------+-------+---------
           D:1 |       0 |       7 |   0.0 |       0 |       5 |   0.0 |   325
               +---------+---------+-------+---------+---------+-------+---------
